 Dungeon Sprint DCSS version 0.30-a0-728-gc68057be0a (webtiles) character file.

Game seed: 7677895347520241928

19 rocky1 the Digger (level 2, -1/24 HPs)
             Began as an Ogre Earth Elementalist on Feb 1, 2023.
             Was a Priest of Cheibriados.
             Slain by a flying skull (9 damage)
             ... in the Dungeon (Sprint VII: "The Pits").
             The game lasted 00:01:16 (455 turns).

rocky1 the Digger (Ogre Earth Elementalist)          Turns: 455, Time: 00:01:17

Health: -1/24      AC:  3    Str: 18    XL:     2   Next: 75%
Magic:  1/7        EV: 10    Int: 23    God:    Cheibriados [***...]
Gold:   0          SH:  0    Dex: 16    Spells: 8/9 levels left

rFire   . . .      SeeInvis .    (no weapon)
rCold   . . .      Faith    .    (no shield)
rNeg    . . .      Spirit   .    a - +0 robe
rPois   .          Reflect  .    (helmet restricted)
rElec   .          Harm     .    (no cloak)
rCorr   .          Rampage  .    (gloves unavailable)
Will    .....      NoTele   +    (boots unavailable)
Stlth   ++                       (no amulet)
HPRegen 0.24/turn                (no ring)
MPRegen 0.10/turn                (no ring)

@: very slow
A: large, unfitting armour, tough skin 1
a: Renounce Religion, Bend Time, Temporal Distortion


You were in the Dungeon.
You worshipped Cheibriados.
Cheibriados was most pleased with you.
You visited 1 branch

Inventory:

Armour
 a - a +0 robe (worn)
Scrolls
 i - 5 scrolls of amnesia
 j - a scroll of butterflies
Potions
 b - 5 potions of magic
 c - a potion of curing
 e - a potion of haste
 f - 3 potions of berserk rage
 h - 2 potions of invisibility


   Skills:
 - Level 1.7 Dodging
 - Level 1.4 Stealth
 + Level 4.0 Spellcasting
 - Level 0.8 Transmutations
 * Level 4.7 Earth Magic


You had 8 spell levels left.
You knew the following spells:

 Your Spells              Type           Power      Damage    Failure   Level
a - Sandblast             Erth           52%        2d12      1%          1

Your spell library contained the following spells:

 Spells                   Type           Power      Damage    Failure   Level
 Passwall                 Tmut/Erth      14%        N/A       4%          2
 Stone Arrow              Conj/Erth      30%        3d8       12%         3
 Petrify                  Tmut/Erth      17%        N/A       32%         4


Dungeon Overview and Level Annotations

Branches:
Dungeon (1/1)

Altars:
Ashenzari
Cheibriados
Dithmenos
Elyvilon
Fedhas
Gozag
Hepliaklqana
Kikubaaqudgha
Makhleb
Nemelex Xobeh
Okawaru
Qazlal
Ru
Sif Muna
Trog
Uskayaw
Vehumet
Wu Jian
Xom
Yredelemnul
Zin
The Shining One
Jiyva
Lugonu


Innate Abilities, Weirdness & Mutations

You are too large for most types of armour.
You have tough skin. (AC +1)


Message History

Aim: a flying skull (68% to hit)
The blast of sand hits the flying skull!
The flying skull is heavily damaged.
The flying skull hits you. The flying skull barely misses you.
Aiming: Sandblast (safe; 1% risk of failure)
Press: ? - help, Q - select action, (/) - cycle Shift-Dir - straight line, f/p - flying skull
Aim: a flying skull (heavily damaged, 68% to hit)
The blast of sand hits the flying skull but does no damage.
The flying skull is heavily damaged.
The flying skull barely misses you. The flying skull hits you!
* * * LOW HITPOINT WARNING * * *
You feel much better. The flying skull hits you.
The flying skull hits you but does no damage.
Aiming: Sandblast (safe; 1% risk of failure)
Press: ? - help, Q - select action, (/) - cycle Shift-Dir - straight line, f/p - flying skull
Aim: a flying skull (moderately damaged, 68% to hit)
The blast of sand hits the flying skull but does no damage.
The flying skull is moderately damaged.
The flying skull hits you. x2
Aiming: Sandblast (safe; 1% risk of failure)
Press: ? - help, Q - select action, (/) - cycle Shift-Dir - straight line, f/p - flying skull
Aim: a flying skull (moderately damaged, 68% to hit)
The blast of sand hits the flying skull but does no damage.
The flying skull is moderately damaged.
The flying skull hits you. The flying skull hits you!
* * * LOW HITPOINT WARNING * * *
You don't have enough magic to cast this spell.
You don't have enough magic to cast this spell.
Blink to where?
Press: ? - help, Dir - move target, p - flying skull
As you read the scroll of blinking, it crumbles to dust.
The kobold throws a stone.
The stone misses you.
As you close the door, pushing everything out of the way, it creaks loudly!
Something unseen opens the door.
The flying skull misses you.
The flying skull hits you but does no damage.
There is an open door here.
You see here a quokka skeleton.
The flying skull closely misses you. The flying skull hits you!
You die...

############
#_________.#
#_________.#
#_______...###########++
##########'##...........
#.?(.')))'.##......#..#.
##########.##...........
#......@....'...........
#+#####z#####......#..#.
#.K...##...........
#####'#####'#####++
#...z.##.......#
#.†§..##.......#
###†####.......# .K.
#...<...# .....
#.......#


You could see a flying skull and a kobold.

Vanquished Creatures
  An adder (D)
  3 bats (D)
  4 jackals (D)
  A quokka (D)
9 creatures vanquished.

Notes
Turn   | Place    | Note
-------+----------+-------------------------------------------
     0 | D        | rocky1 the Ogre Earth Elementalist began the quest for the
                  | Orb.
     0 | D        | Reached XP level 1. HP: 16/16 MP: 3/3
    20 | D        | Found a bloodstained altar of Trog.
    20 | D        | Found a shimmering blue altar of Sif Muna.
    20 | D        | Found a viscous altar of Jiyva.
    20 | D        | Found a hazy altar of Hepliaklqana.
    20 | D        | Found an opulent altar of Gozag.
    43 | D        | Found a glowing golden altar of the Shining One.
    43 | D        | Found a glowing silver altar of Zin.
    43 | D        | Found a basalt altar of Yredelemnul.
    43 | D        | Found a shimmering altar of Xom.
    43 | D        | Found an ornate altar of the Wu Jian Council.
    43 | D        | Found a sacrificial altar of Ru.
    43 | D        | Found a stormy altar of Qazlal.
    43 | D        | Found an iron altar of Okawaru.
    43 | D        | Found a sparkling altar of Nemelex Xobeh.
    43 | D        | Found a burning altar of Makhleb.
    43 | D        | Found a blossoming altar of Fedhas.
    43 | D        | Found a white marble altar of Elyvilon.
    43 | D        | Found a shadowy altar of Dithmenos.
    43 | D        | Found a snail-covered altar of Cheibriados.
    46 | D        | Found a corrupted altar of Lugonu.
    46 | D        | Found a radiant altar of Vehumet.
    47 | D        | Found an ancient bone altar of Kikubaaqudgha.
    47 | D        | Found a hide-covered altar of Uskayaw.
    47 | D        | Found a broken altar of Ashenzari.
    56 | D        | Became a worshipper of Cheibriados the Contemplative
   185 | D        | Reached * piety under Cheibriados
   298 | D        | Reached XP level 2. HP: 23/24 MP: 3/6
   299 | D        | Reached ** piety under Cheibriados
   440 | D        | Noticed a flying skull
   442 | D        | Reached *** piety under Cheibriados
   455 | D        | Slain by a flying skull

Illustrated notes

Levels and vault maps discovered:
D:        pitsprint [storerooms_1, entrance_room_1, metal_vault_4, armoury_2,
          mini_pit_1, grid_room_1, main_hall_1, silver_pit, the_coven_2,
          the_vestibule_1, steel_vault_5, golden_pit, hallway_of_sentries,
          crystal_vault_6, iron_vault_5, final_vault]

Skill      XL: |  1  2 |
---------------+-------+-----
Earth Magic    | 4 |  4.7
Spellcasting   | 3 4 |  4.0
Dodging        | |  1.7
Stealth        | |  1.4
Transmutations | |  0.8

Action                     || total
---------------------------++-------
   Cast: Sandblast         ||    14
    Use: Scroll            ||     1
         Potion            ||     1
 Armour: Robe              ||     2
  Dodge: Dodged            ||     9

Table legend: (Time is in decaauts)
 A = Elapsed time spent in this place.
 B = Non-inter-level travel time spent in this place.
 C = Inter-level travel time spent in this place.
 D = Time resting spent in this place.
 E = Time spent auto-exploring this place.
 F = Levels seen in this place.
 G = Mean time per level.
                   A        B        C        D        E       F      G
               +--------+--------+--------+--------+--------+-----+--------+
         Total |    472 |    472 |      0 |    351 |      0 |   1 |  472.0 |
       Dungeon |    472 |    472 |      0 |    351 |      0 |   1 |  472.0 |
               +--------+--------+--------+--------+--------+-----+--------+

Top non-repeatable levels by time:
       D: 472 daAuts
